 Dungeon Crawl Stone Soup version 0.17-a0-1572-g7a1422d (webtiles) character file.

51 urechis the Sneak (level 3, 0/17 HPs)
             Began as a Felid Monk on July 24, 2015.
             Slain by an adder (5 damage)
             ... on level 3 of the Dungeon.
             The game lasted 00:03:43 (1697 turns).

urechis the Sneak (Felid Monk)                      Turns: 1697, Time: 00:03:43

Health: 0/17       AC:  1    Str:  8    XL:     3   Next: 57%
Magic:  4/4        EV: 19    Int: 11    God:
Gold:   47         SH:  0    Dex: 18    Spells: 0 memorised, 2 levels left
                                        Lives:  0   Deaths: 0

rFire  . . .     SeeInvis +       - Unarmed
rCold  . . .     Clarity  .     (armour unavailable)
rNeg   . . .     SustAt   .     (shield unavailable)
rPois  .         Gourm    .     (helmet unavailable)
rElec  .         Spirit   .     (cloak unavailable)
rCorr  .         Warding  .     (gloves unavailable)
rMut   .         Stasis   .     (boots unavailable)
MR     .....                    (no amulet)
Stlth  +++.......               (no ring)
                                g - ring of loudness (curse)

@: lethally poisoned (0 -> -7), quick, not resistant to hostile enchantments,
fairly stealthy
A: no armour, no weapons or thrown items, claws 1, fangs 3, see invisible,
carnivore 3, speed 1, shaggy fur 1, slow metabolism 1, sharp paws
a: no special abilities


You were on level 3 of the Dungeon.
You were full.

You visited 1 branch of the dungeon, and saw 3 of its levels.

You collected 47 gold pieces.

Inventory:

Jewellery
 g - a cursed ring of loudness (left paw)
Scrolls
 c - a scroll of teleportation
Potions
 b - 2 potions of brilliance {unknown}
 e - a potion of agility {unknown}
Comestibles
 a - 3 meat rations
 d - a beef jerky


   Skills:
 - Level 3.0 Fighting
 - Level 4.0 Dodging
 + Level 5.7 Stealth
 - Level 4.0 Unarmed Combat


You had 2 spell levels left.
You didn't know any spells.

Dungeon Overview and Level Annotations

Branches:
Dungeon (3/15)

Altars:
Elyvilon
Fedhas


Innate Abilities, Weirdness & Mutations

You cannot wear armour.
You are incapable of wielding weapons or throwing items.
You have sharp claws.
You have razor-sharp teeth.
You have supernaturally acute eyesight.
You are carnivorous and can eat meat at any time.
You cover ground quickly.
You are covered in fur (AC +1).
You have a slow metabolism.
Your sharp claws are effective at attacking unaware monsters.


Message History

You barely miss the adder.
The adder is lightly wounded.
The adder closely misses you. The rat closely misses you.
You scratch the adder.
The adder begins to bleed from its wounds!
The adder is heavily wounded.
The adder closely misses you. The rat barely misses you. The adder bites you.
You are lethally poisoned!
The adder poisons you!
You miss the adder.
The adder is heavily wounded.
You feel sick. The rat completely misses you. The adder barely misses you.
You scratch the adder. Your bite misses the adder.
The adder is almost dead.
The adder barely misses you. The rat bites you but does no damage.
You barely miss the adder. Your bite misses the adder.
The adder is almost dead.
* * * LOW HITPOINT WARNING * * *
You feel sick. The adder bites you.
You die...

## # ...# . .
...### #.##.
.....
...!.####..#
#........#
#...Sr...#
#...#@...#
#.....<##
#......†#.....#
............##.#
#########.#.#
#+#+#


You could see an adder (bleeding) and a rat.

Vanquished Creatures
  9 bats
  3 giant cockroaches (D:1)
  10 goblins
  4 hobgoblins
  7 jackals (D:1)
  5 kobolds
  A quokka (D:2)
  2 giant newts (D:1)
  6 rats
47 creatures vanquished.

Notes
Turn   | Place    | Note
--------------------------------------------------------------
     0 | D:1      | urechis the Felid Monk began the quest for the Orb.
     0 | D:1      | Reached XP level 1. HP: 10/10 MP: 2/2
    94 | D:1      | Reached XP level 2. HP: 14/14 MP: 3/3
   777 | D:1      | Reached skill level 5 in Stealth
   855 | D:1      | Reached XP level 3. HP: 10/17 MP: 4/4
  1241 | D:2      | Found a blossoming altar of Fedhas.
  1277 | D:2      | Found a white marble altar of Elyvilon.
  1697 | D:3      | Slain by an adder

Vault maps used:
D:1:      minmay_arrival_diagonal_passages, serial_bayou_lagoon_a,
          kennysheep_another_room, minmay_liquid_box, minmay_tree_intersection,
          minivault_19, supply_closet_lemuel, hangedman_feature_mirror
D:2:      nicolae_overflow_crystal_walls, lemuel_crystal_altar
D:3:      first_bread

Action                   || total
-------------------------++-------
Melee: Unarmed           ||   124
  Use: Scroll            ||     3
 Stab: Sleeping          ||    16
  Eat: Chunk             ||     6
